 Dungeon Crawl Stone Soup version 0.31.0-32-g396128a36d (webtiles) character file.

Game seed: 175184727672888985

4357 TacoSundae the Grappler (level 10, -5/49 HPs)
             Began as a Vine Stalker Shapeshifter on Apr 6, 2024.
             Was a Priest of Uskayaw.
             Slain by Harold
             ... wielding a +6 flail of holy wrath
              (16 damage)
             ... on level 9 of the Dungeon.
             The game lasted 00:25:32 (6480 turns).

TacoSundae the Grappler (Vine Stalker Shapeshifter) Turns: 6480, Time: 00:25:32

Health: -5/49      AC:  4    Str: 20    XL:     10   Next: 34%
Magic:  0/11       EV: 13    Int: 10    God:    Uskayaw [***...]
Gold:   375        SH:  0    Dex: 15    Spells: 9/9 levels left

rFire   + .          .
                       - Unarmed
rCold   + . .        (no shield)
rNeg    . . .        n - +2 robe {rC+ rF+}
rPois   .            (helmet currently unavailable)
rElec   .            (cloak currently unavailable)
rCorr   .            (gloves currently unavailable)
SInv    +            (boots currently unavailable)
Will    +....        (no amulet)
Stlth   +            l - ring of see invisible
HPRegen 1.08/turn    m - ring of flight
MPRegen 0.12/turn

%: guardian spirit
@: beast-form, flying
A: beast (slay +4), fangs 3, regeneration 1, magic shield, antimagic bite, no
potion heal 2
a: Begin Untransformation, Renounce Religion, Stomp, Line Pass


You were on level 9 of the Dungeon.
You worshipped Uskayaw.
Uskayaw was noncommittal.
You were a hulking beast.
You visited 2 branches of the dungeon, and saw 10 of its levels.

You collected 375 gold pieces.

Inventory:

Missiles
 o - 24 poisoned darts (quivered)
 r - 11 curare-tipped darts
Armour
 n - a +2 robe of resistance (worn)
 s - a +0 pair of boots
 u - a +2 helmet
Jewellery
 l - a ring of see invisible (left hand)
 m - a ring of flight (right hand)
Talismans
 c - a beast talisman
 d - a flux talisman
Wands
 f - a wand of flame (15)
 i - a wand of light (6)
 t - a wand of paralysis (9)
Scrolls
 e - 2 scrolls of vulnerability
 h - 2 scrolls of enchant armour
 j - 2 scrolls of teleportation
 p - a scroll of poison
 q - 2 scrolls of revelation
Potions
 a - a potion of haste
 b - 3 potions of lignification
 g - 8 potions of curing
 k - a potion of enlightenment
 v - a potion of might
 w - a potion of mutation {unknown}


   Skills:
 + Level 4.1 Fighting
 + Level 4.1 Dodging
 + Level 11.0 Unarmed Combat
 + Level 8.0 Shapeshifting


You had 9 spell levels left.
You didn't know any spells.
Your spell library contained the following spells:

 Spells                   Type           Power      Damage    Failure   Level
 Slow                     Hex            0%         N/A       36%         1
 Confusing Touch          Hex            0%         N/A       75%         3
 Gell's Gravitas          Tloc           0%         N/A       75%         3
 Sigil of Binding         Hex            0%         N/A       75%         3
 Teleport Other           Tloc           0%         N/A       75%         3
 Vampiric Draining        Necr           0%         2d6       75%         3
 Vhi's Electric Charge    Tloc/Air       0%         N/A       98%         4
 Arcjolt                  Conj/Air       0%         1d10      100%        5
 Dispersal                Tloc           0%         N/A       100%        6
 Plasma Beam              Fire/Air       0%         2x1d10    100%        6


Dungeon Overview and Level Annotations

Branches:
Dungeon (9/15)             Temple (1/1) D:4
   Lair: D:8-11         Orc: D:9-12

Altars:
Ashenzari
Cheibriados
Dithmenos
Elyvilon
Fedhas
Gozag
Hepliaklqana
Kikubaaqudgha
Makhleb
Okawaru
Qazlal
Sif Muna
Trog
Uskayaw
Vehumet
Wu Jian
Xom
Yredelemnul
Zin
The Shining One

Annotations:
D:9 Harold


Innate Abilities, Weirdness & Mutations

You are a hulking beast.
Your limbs bulge with bestial killing power. (Slay +4)
You have razor-sharp teeth.
Your natural rate of healing is unusually fast.
When hurt, damage is shared between your health and your magic reserves.
Your bite disrupts and absorbs the magic of your enemies.
Potions cannot restore your health.


Message History

The wyvern is almost dead.
The wyvern closely misses you.
You hit the wyvern.
You kill the wyvern!
You can now pass through a line of other dancers.
Your Unarmed Combat skill increases to level 11!
Harold hits you with a +6 flail of holy wrath!!
You punch Harold! You bite Harold!
Harold's magic leaks into the air.
You drain his magic.
You feel invigorated.
Harold is moderately wounded.
Harold closely misses you.
You closely miss Harold.
Harold is moderately wounded.
Harold hits you with a +6 flail of holy wrath!
You are too injured to fight recklessly!
Unknown command.
You hit Harold. You punch Harold. You bite Harold!
Harold's magic leaks into the air.
You drain his magic.
You feel invigorated.
Harold is heavily wounded.
Harold misses you.
Uskayaw will force your foes to helplessly watch your dance.
Uskayaw prepares the audience for your solo!
The helpless Harold fails to defend himself.
You punch Harold! You bite Harold.
Harold's magic leaks into the air.
You drain his magic.
Harold is severely wounded.
The helpless Harold fails to defend himself.
You hit Harold but do no damage. You bite Harold!
Harold's magic leaks into the air.
You drain his magic.
Harold is almost dead.
Harold is no longer paralysed.
You hit Harold but do no damage.
Harold is almost dead.
Harold hits you with a +6 flail of holy wrath!!
* * * LOW HITPOINT WARNING * * *
You hit Harold. You bite Harold, but do no damage.
Harold is almost dead.
Harold hits you with a +6 flail of holy wrath!!
You die...
Harold sighs, "Finally, I can get that cottage in the mountains and settle down."

###.###.......###......<
#...# ##.....## #.......
##### ##...## #.......
##'## ####.### #.# .#
#.# ##########.##
......@.#...## #h.....#
#....(.........
#.###.##.####.# #.##.# #
..##.# ####... .!


You could see Harold (magic disrupted).

Vanquished Creatures
  2 kobold demonologists (D:8)
  Sigmund (D:3)
  A wyvern (D:9)
  A steam dragon (D:8)
  Menkaure (D:6)
  A water moccasin (D:5)
  An orc warrior (D:9)
  2 black bears
  An ice beast (D:5)
  3 centaurs
  2 phantoms (D:6)
  3 bullfrogs (D:7)
  7 kobold brigands
  2 scorpions
  4 wights (D:8)
  6 killer bees (D:8)
  5 hounds
  4 bombardier beetles (D:4)
  2 jellies
  7 orc priests
  2 iguanas (D:6)
  Jessica (D:3)
  A sleepcap (D:5)
  Natasha (thrice) (D:4)
  9 orc wizards
  Terence (D:3)
  Robin (D:2)
  6 adders
  5 gnolls
  2 ufetubi (D:5)
  6 dart slugs
  3 ribbon worms
  21 orcs
  6 ball pythons
  4 bats
  11 endoplasms
  6 giant cockroaches
  14 goblins
  9 hobgoblins
  19 kobolds
  5 quokkas
  2 frilled lizards
  7 rats
200 creatures vanquished.

Vanquished Creatures (others)
  A gnoll (D:8)
  An orc (D:8)
2 creatures vanquished.

Grand Total: 202 creatures vanquished

Notes
Turn   | Place    | Note
-------+----------+-------------------------------------------
     0 | D:1      | TacoSundae the Vine Stalker Shapeshifter began the quest
                  | for the Orb.
     0 | D:1      | Reached XP level 1. HP: 9/9 MP: 2/2
   103 | D:1      | Reached XP level 2. HP: 14/14 MP: 3/3
   265 | D:1      | Reached XP level 3. HP: 17/17 MP: 4/4
   732 | D:2      | Reached skill level 4 in Unarmed Combat
   740 | D:2      | Noticed Robin
   783 | D:2      | Killed Robin
   784 | D:2      | Reached XP level 4. HP: 21/21 MP: 5/5
  1128 | D:3      | Found a faded altar of an unknown god.
  1166 | D:3      | Noticed Sigmund
  1178 | D:3      | Killed Sigmund
  1179 | D:3      | Reached skill level 5 in Unarmed Combat
  1179 | D:3      | Reached XP level 5. HP: 25/25 MP: 3/6
  1179 | D:3      | Reached XP level 6. HP: 29/29 MP: 3/7
  1360 | D:3      | Noticed Terence
  1374 | D:3      | Killed Terence
  1887 | D:3      | Noticed Jessica
  1893 | D:3      | Killed Jessica
  2096 | D:3      | Reached skill level 6 in Unarmed Combat
  2152 | D:4      | Noticed Natasha
  2157 | D:4      | Killed Natasha
  2161 | D:4      | Identified a scroll of acquirement
  2161 | D:4      | Acquired the +1 helmet of Ziar Woc {-Cast Regen+ Slay+5}
  2214 | D:4      | Found a staircase to the Ecumenical Temple.
  2223 | Temple   | Entered the Ecumenical Temple
  2272 | Temple   | Became a worshipper of Uskayaw the Reveller
  2305 | D:4      | Noticed Natasha
  2311 | D:4      | Reached * piety under Uskayaw
  2313 | D:4      | Killed Natasha
  2314 | D:4      | Reached XP level 7. HP: 32/32 MP: 8/8
  2343 | D:4      | Noticed Natasha
  2348 | D:4      | Reached ** piety under Uskayaw
  2349 | D:4      | Killed Natasha
  2655 | D:4      | Reached skill level 5 in Shapeshifting
  2680 | D:4      | Reached *** piety under Uskayaw
  2681 | D:4      | Reached skill level 7 in Unarmed Combat
  2687 | D:4      | Reached **** piety under Uskayaw
  2826 | D:5      | Entered Level 5 of the Dungeon
  3026 | D:5      | Gained mutation: You have razor-sharp teeth. [Vine Stalker
                  | growth]
  3026 | D:5      | Reached XP level 8. HP: 37/37 MP: 6/9
  3079 | D:5      | Reached skill level 8 in Unarmed Combat
  3336 | D:5      | Found a burning altar of Makhleb.
  3336 | D:5      | Found a glowing silver altar of Zin.
  3339 | D:5      | Noticed an angel
  3339 | D:5      | Noticed an Executioner
  3418 | D:5      | Found an ornate altar of the Wu Jian Council.
  3854 | D:6      | Reached skill level 9 in Unarmed Combat
  4142 | D:6      | Reached XP level 9. HP: 40/40 MP: 10/10
  4466 | D:6      | Noticed Menkaure
  4470 | D:6      | Killed Menkaure
  4670 | D:7      | Reached skill level 10 in Unarmed Combat
  4695 | D:7      | Reached skill level 1 in Fighting
  4712 | D:7      | Found a stormy altar of Qazlal.
  4772 | D:7      | this is what i get for tabbing
  4883 | D:7      | Paralysed by a centaur for 3 turns
  5169 | D:7      | Reached ***** piety under Uskayaw
  6214 | D:8      | Noticed a kobold demonologist
  6214 | D:8      | Noticed a kobold demonologist
  6220 | D:8      | Killed a kobold demonologist
  6221 | D:8      | Reached XP level 10. HP: 49/49 MP: 11/11
  6225 | D:8      | Killed a kobold demonologist
  6233 | D:8      | Identified the +2 scimitar "Naut" {drain, rN++ Stlth+}
  6470 | D:9      | Noticed Harold
  6473 | D:9      | Reached skill level 11 in Unarmed Combat
  6480 | D:9      | Slain by Harold

Illustrated notes

#.#.#### #.#.#
#.#.# #.#.#
###.#.#
#...#.#####
##.####.###.....#
............###.#
#.####h###.# #)#
#.# o.. ..#
##.##### #.# #o#
#o# #.#


Turn 4772 on D:7: this is what i get for tabbing

Levels and vault maps discovered:
D:1:      nicolae_arrival_memento_mori, layout_loops_ring, serial_bayou_pond_a
D:2:      layout_rooms, minmay_pentomino_x2, uniq_robin
D:3:      layout_loops_corners, nicolae_ecumenical_pavilion, hex_large,
          uniq_jessica, uniq_terence, uniq_sigmund
D:4:      minmay_bubble_buster, layout_cave_pools,
          minmay_temple_entry_junction_2, hex_medium, uniq_natasha
D:5:      layout_basic, grunt_temple_overflow_order_and_chaos_2,
          mainiacjoe_overflow_brackets
D:6:      layout_loops_corners, cheibrodos_sewer_entry_bend,
          minmay_misc_feat_ornament, uniq_menkaure
D:7:      layout_loops_ring, mainiacjoe_overflow_surrounded_room
D:8:      layout_loops_ring, dilly_guarded_unrand_throatcut
D:9:      layout_loops_corners, nicolae_ru_the_path_less_chosen, minivault_11,
          grunt_ministairs_15, uniq_harold
Temple:   lightli_temple_of_artemis

Skill      XL: |  1  2  3  4  5  6  7  8  9 10 |
---------------+-------------------------------+-----
Unarmed Combat | 4 5 6 7 9 10 11 | 11.0
Shapeshifting  | 4 5 6 7 8 |  8.0
Fighting       | 3 4 |  4.1
Dodging        | 3 4 |  4.1

Action                     |  1- 3 |  4- 6 |  7- 9 | 10-12 || total
---------------------------+-------+-------+-------+-------++-------
  Melee: Unarmed           |    90 |    94 |   264 |    28 ||   476
         Bite              |    21 |    17 |    69 |    12 ||   119
         Punch             |     3 |     2 |    10 |     1 ||    16
    Use: Potion            |       |     2 |     2 |       ||     4
         Scroll            |       |     9 |     5 |     2 ||    16
   Stab: Paralysed         |       |       |    12 |     3 ||    15
         Sleeping          |       |       |     2 |       ||     2
 Armour: Animal skin       |    14 |       |       |       ||    14
         Ring mail         |    36 |    25 |       |       ||    61
         Skin              |       |     8 |       |       ||     8
         Robe              |       |    20 |   129 |    13 ||   162
  Dodge: Dodged            |    49 |    46 |   116 |    11 ||   222
